 Dungeon Sprint DCSS version 0.18.1-6-gd335043 (webtiles) character file.

40 Groucho the Skirmisher (level 3, 0/24 HPs)
             Began as a Gargoyle Fighter on May 20, 2016.
             Was a Follower of Makhleb.
             Killed by divine providence
             ... invoked by an orc priest
              (14 damage)
             ... in the Dungeon (Sprint V: "Ziggurat Sprint").
             The game lasted 00:02:03 (235 turns).

Groucho the Skirmisher (Gargoyle Fighter)            Turns: 235, Time: 00:02:04

Health: 0/24       AC: 30    Str: 35    XL:     3   Next: 50%
Magic:  6/6        EV:  1    Int:  8    God:    Makhleb [*.....]
Gold:   0          SH: 29    Dex:  9    Spells: 0 memorised, 6 levels left

rFire  . . .     SeeInvis +     K - +14 obsidian axe {chop, +Fly Str+3 SInv *Curse} (curse)
rCold  . . .     Gourm    .     L - +15 Maxwell's patent armour {-Cast -Tele rElec MR+ rCorr}
rNeg   + + .     Faith    .     M - +18 shield of the gong {rElec rN+ MR+ EV-5}
rPois  ∞         Spirit   .     (no helmet)
rElec  +         Dismiss  .     (no cloak)
rCorr  +         Reflect  .     (no gloves)
SustAt .         Harm     .     (no boots)
MR     ++...     NoTele   +     (no amulet)
Stlth  .......... NoCast   +    J - +6 ring of strength
                                I - +6 ring of strength

@: mesmerised, very resistant to hostile enchantments, extremely unstealthy
A: negative energy resistance 1, electricity resistance, unbreathing,
petrification resistance, rot immunity, AC +3
a: Renounce Religion, Evoke Flight


You were in the Dungeon.
You worshipped Makhleb.
Makhleb was aware of your devotion.
You were not hungry.

You visited 1 branch

Inventory:

Hand Weapons
 K - the cursed +14 obsidian axe (weapon) {chop, +Fly Str+3 SInv *Curse}
   (You found it in the Dungeon)

   It inflicts extra damage upon your enemies.
   It affects your strength (+3).
   It lets you see invisible.
   It lets you fly.
   It may re-curse itself when equipped.
   It has a curse placed upon it.
Armour
 l - a +5 gold dragon armour
 L - the +15 Maxwell's patent armour (worn) {-Cast -Tele rElec MR+ rCorr}
   (You found it in the Dungeon)

   It insulates you from electricity.
   It affects your resistance to hostile enchantments.
   It prevents spellcasting.
   It prevents most forms of teleportation.
   It protects you from acid and corrosion.
 M - the +18 shield of the gong (worn) {rElec rN+ MR+ EV-5}
   (You found it in the Dungeon)

   It affects your evasion (-5).
   It insulates you from electricity.
   It protects you from negative energy.
   It affects your resistance to hostile enchantments.
Jewellery
 I - a +6 ring of strength (left hand)
 J - a +6 ring of strength (right hand)
Wands
 m - a wand of disintegration (7/24)
 n - a wand of iceblast (5/15)
 o - a wand of lightning (5/15)
 p - a wand of acid (5/15)
Scrolls
 k - 4 scrolls of blinking
 v - 4 scrolls of amnesia
 w - 3 scrolls of recharging
 x - 7 scrolls of fog
 y - a scroll of holy word
 z - 5 scrolls of identify
 A - 5 scrolls of remove curse
 B - 2 scrolls of fear
Potions
 d - 6 potions of might
 e - 10 potions of curing
 g - 10 potions of heal wounds
 h - 6 potions of haste
 i - 7 potions of magic
 j - 3 potions of berserk rage
 q - 2 potions of brilliance
 r - 2 potions of invisibility
 s - 4 potions of resistance
 t - a potion of experience
 u - 5 potions of agility
Comestibles
 f - 5 bread rations
 C - 42 fruits
 D - 4 meat rations


   Skills:
 * Level 4.3 Fighting
 * Level 2.9 Axes
 * Level 4.1 Armour
 * Level 1.5 Dodging
 * Level 4.0 Shields
 * Level 2.1 Spellcasting
 * Level 1.9 Invocations
 + Level 1.2 Evocations


You had 6 spell levels left.
You didn't know any spells.

Dungeon Overview and Level Annotations

Branches:
Dungeon (1/1)

Altars:
Ashenzari
Cheibriados
Dithmenos
Elyvilon
Fedhas
Gozag
Kikubaaqudgha
Makhleb
Nemelex Xobeh
Okawaru
Pakellas
Qazlal
Ru
Sif Muna
Trog
Vehumet
Xom
Yredelemnul
Zin
The Shining One
Beogh
Jiyva
Lugonu


Innate Abilities, Weirdness & Mutations

You are resistant to torment.
Your stone body is resilient (AC +3).
You are immune to poison.
You resist negative energy.
You are resistant to electric shocks.
You can survive without breathing.
You are immune to petrification.
You are immune to rotting.


Message History

The orc priest calls down the wrath of Beogh upon you.
Beogh smites you!
Found three items.
Unknown command.
You block the orc's attack.
GONNNNG!
You block the orc priest's attack.
SHROANNG!
You slash the orc!
You break out of your daze!
You kill the orc!
Makhleb accepts your kill.
You slash the orc priest!
The orc priest is almost dead.
Your Maxwell's patent armour prevents you from hitting the orc priest.
Visions of slaying the orc priest flood into your mind.
The orc priest calls down the wrath of Beogh upon you.
Beogh smites you!
Ouch! That really hurt!
You die...

▓▓▓▓▓▓▓▓▓▓▓▓▓
▓.8©8.▓.8©8.▓
▓.=)}.▓.....▓
▓.....▓.).).▓
▓.o)o.▓.....▓
▓..@..▓.†...▓
▓.....▓.....▓
▓.....▓▓▓▓▓▓▓
▓▓▓▓▓▓▓


You could see 2 orc priests.

Vanquished Creatures
  2 sheep (D)
  An orc (D)
3 creatures vanquished.

Notes
Turn   | Place    | Note
--------------------------------------------------------------
     0 | D        | Groucho the Gargoyle Fighter began the quest for the Orb.
     0 | D        | Reached XP level 1. HP: 14/14 MP: 1/1
     9 | D        | Found a viscous altar of Jiyva.
     9 | D        | Found a roughly hewn altar of Beogh.
     9 | D        | Found a corrupted altar of Lugonu.
     9 | D        | Found a white marble altar of Elyvilon.
     9 | D        | Found a sparkling altar of Nemelex Xobeh.
    13 | D        | Found a deep blue altar of Sif Muna.
    13 | D        | Found a burning altar of Makhleb.
    13 | D        | Found a bloodstained altar of Trog.
    13 | D        | Found an iron altar of Okawaru.
    13 | D        | Found a radiant altar of Vehumet.
    16 | D        | Found a shimmering altar of Xom.
    38 | D        | Became a worshipper of Makhleb the Destroyer
    80 | D        | Entered arena 1.
    80 | D        | Noticed a sheep
    80 | D        | Noticed a sheep
    82 | D        | Killed a sheep
    82 | D        | Reached skill level 1 in Dodging
    82 | D        | Reached skill level 1 in Spellcasting
    82 | D        | Reached skill level 1 in Invocations
    82 | D        | Reached skill level 1 in Evocations
    82 | D        | Reached XP level 2. HP: 20/20 MP: 1/4
    83 | D        | Reached * piety under Makhleb
    83 | D        | Reached XP level 3. HP: 24/24 MP: 1/6
   232 | D        | Entered arena 2.
   235 | D        | Killed from afar by an orc priest

Skill      XL: |  1  2 |
---------------+-------+-----
Fighting       | 4 |  4.3
Axes           | 2 |  2.9
Dodging        | 1 |  1.5
Spellcasting   | 1 2 |  2.1
Invocations    | 1 |  1.9
Evocations     | 1 |  1.2
Armour         | 4 |  4.1
Shields        | 4 |  4.0

Action                   || total
-------------------------++-------
Melee: Broad axe         ||     3
Block: Shield            ||     3
